 Dungeon Crawl Stone Soup version 0.17.0-28-g6e173f8 (webtiles) character file.

184 Raultor the Shooter (level 5, -2/35 HPs)
             Began as a High Elf Hunter on Nov 25, 2015.
             Slain by an orc priest
             ... wielding a +0 club
              (4 damage)
             ... on level 3 of the Dungeon.
             The game lasted 00:08:54 (2248 turns).

Raultor the Shooter (High Elf Hunter)               Turns: 2248, Time: 00:08:54

Health: -2/35      AC:  3    Str: 11    XL:     5   Next: 36%
Magic:  15/15      EV: 13    Int: 14    God:
Gold:   121        SH:  0    Dex: 17    Spells: 0 memorised, 4 levels left

rFire  x . .     SeeInvis .     a - +1 shortbow
rCold  + . .     Clarity  .     c - +0 leather armour
rNeg   . . .     SustAt   .     (shield currently unavailable)
rPois  .         Gourm    .     (no helmet)
rElec  .         Spirit   .     (no cloak)
rCorr  .         Warding  .     (no gloves)
rMut   .         Stasis   .     (no boots)
MR     .....                    (no amulet)
Stlth  ++........               q - ring of magical power
                                g - ring of ice

@: not resistant to hostile enchantments, unstealthy
A: no striking features
a: no special abilities


You were on level 3 of the Dungeon.
You were not hungry.

You visited 1 branch of the dungeon, and saw 3 of its levels.

You collected 121 gold pieces.

Inventory:

Hand Weapons
 a - a +1 shortbow (weapon)
 b - a +0 short sword
Missiles
 l - 5 poisoned arrows (quivered)
 o - a throwing net
Armour
 c - a +0 leather armour (worn)
 h - a +0 cloak
Jewellery
 g - a ring of ice (left hand)
 q - a ring of magical power (right hand)
Scrolls
 f - 3 scrolls of remove curse {unknown}
 i - a scroll of enchant weapon {unknown}
 j - a scroll of amnesia {unknown}
 k - 2 scrolls of identify {unknown}
 r - 2 scrolls of fear {unknown}
Potions
 m - a potion of degeneration {unknown}
 n - 2 potions of curing {unknown}
 u - a potion of berserk rage {unknown}
Books
 t - a book of Power

   Spells                             Type                      Level
   a - Fulminant Prism                Conjuration/Hexes            4
   b - Iskenderun's Mystic Blast      Conjuration                  4
   c - Venom Bolt                     Conjuration/Poison           5
   d - Bolt of Magma                  Conjuration/Fire/Earth       5
   e - Iron Shot                      Conjuration/Earth            6
   f - Orb of Destruction             Conjuration                  7
   g - Spellforged Servitor           Conjuration/Summoning        7
Comestibles
 e - 4 bread rations
 p - 2 beef jerkies
 s - a royal jelly


   Skills:
 + Level 2.3 Fighting
 - Level 1.2 Short Blades
 + Level 7.9 Bows
 + Level 1.2 Armour
 + Level 2.7 Dodging
 - Level 1.1 Stealth


You had 4 spell levels left.
You didn't know any spells.

Dungeon Overview and Level Annotations

Branches:
Dungeon (3/15)

Altars:
Makhleb
Nemelex Xobeh


Message History

Press: ? - help, Shift-Dir - straight line, f/p - orc priest
Aim: an orc priest, wielding a club (moderately wounded, poisoned)
You shoot a poisoned arrow. The poisoned arrow hits the orc priest.
The orc priest is moderately wounded.
The orc priest invokes the aid of Beogh against you.
You struggle to resist.
Firing (i - inventory. (,) - cycle):
l - 7 poisoned arrows (quivered)
Press: ? - help, Shift-Dir - straight line, f/p - orc priest
Aim: an orc priest, wielding a club (heavily wounded, poisoned)
You shoot a poisoned arrow. The poisoned arrow hits the orc priest.
The orc priest is heavily wounded.
The orc priest hits you with a club.
* * * LOW HITPOINT WARNING * * *
Firing (i - inventory. (,) - cycle):
l - 6 poisoned arrows (quivered)
Press: ? - help, Shift-Dir - straight line, f/p - orc priest
Aim: an orc priest, wielding a club (severely wounded, poisoned)
You shoot a poisoned arrow.
The poisoned arrow barely misses the orc priest.
The orc priest hits you with a club.
You die...

.#............###.#.#.....#
#...
#.....)......'.....#.....#
#...
#............###.###.....#
#...
########'#.........'.....#
#...
............#.#.###.....#
##..
............###.#..#+#+##
#.. ............+...#....#
##.
............#####.####.# #.
............+.@o.....(..#
............####(..(.....
............. #....(....
............#. ...(......
..l......(. ..o....(...
..#......... ###.(......


You could see an orc priest.

Vanquished Creatures
  An orc wizard (D:3)
  An orc priest (D:3)
  2 adders (D:2)
  2 gnolls (D:1)
  An ooze (D:1)
  A worm (D:2)
  3 giant geckos
  7 orcs (D:3)
  14 bats
  4 giant cockroaches
  3 hobgoblins
  4 jackals (D:1)
  3 ball pythons
  A giant newt (D:3)
  10 goblins
  11 kobolds
  10 rats
78 creatures vanquished.

Notes
Turn   | Place    | Note
--------------------------------------------------------------
     0 | D:1      | Raultor the High Elf Hunter began the quest for the Orb.
     0 | D:1      | Reached XP level 1. HP: 14/14 MP: 2/2
   145 | D:1      | Reached XP level 2. HP: 19/19 MP: 3/3
   469 | D:1      | Reached skill level 6 in Bows
   489 | D:1      | Reached XP level 3. HP: 15/24 MP: 4/4
  1024 | D:2      | Reached skill level 1 in Short Blades
  1024 | D:2      | Reached XP level 4. HP: 29/29 MP: 5/5
  1196 | D:2      | Reached skill level 1 in Armour
  1590 | D:3      | Reached skill level 7 in Bows
  1735 | D:3      | Found a sparkling altar of Nemelex Xobeh.
  1859 | D:3      | Reached XP level 5. HP: 7/34 MP: 6/6
  2150 | D:3      | Found a burning altar of Makhleb.
  2248 | D:3      | Slain by an orc priest

Action                   |  1- 3 |  4- 6 || total
-------------------------+-------+-------++-------
Melee: Short sword       |    29 |     3 ||    32
 Fire: Shortbow          |    59 |   113 ||   172
  Eat: Chunk             |       |     4 ||     4
